[ PARTIDA AOE2 · #459994753 ]
UnrankedBereberes vs Chinese
Equipo del jugador · DERR
[ ANÁLISIS DE REPETICIÓN · EXTRAÍDO DE LA PARTIDA GRABADA ]
Feudal
13:23
Castillos
16:58
Imperial
—
| APM promedio | 48.4 |
| APM pico | 98 |
| eAPM promedio | 25.6 |
| Aldeanos / militares | 192 / 93 |
Foco
⚔️ 25.6% · 🌾 74.4%
Camel Archer ×86 · Fishing Ship ×10 · Mangonel ×7
Feudal
14:20
Castillos
19:08
Imperial
—
| APM promedio | 51.6 |
| APM pico | 100 |
| eAPM promedio | 27.5 |
| Aldeanos / militares | 58 / 66 |
Foco
⚔️ 56.9% · 🌾 43.1%
Chu Ko Nu ×55 · Fishing Ship ×10 · Battering Ram ×9 · Iron Pagoda ×2 · Unknown (2626) ×2
Feudal
12:08
Castillos
16:17
Imperial
—
| APM promedio | 38.5 |
| APM pico | 55 |
| eAPM promedio | 21.7 |
| Aldeanos / militares | 112 / 41 |
Foco
⚔️ 30.2% · 🌾 69.8%
Scorpion ×13 · Fishing Ship ×13 · Petard ×11 · Conquistador ×11 · Battering Ram ×4 · Mangonel ×2
Feudal
14:20
Castillos
18:13
Imperial
—
| APM promedio | 51.4 |
| APM pico | 85 |
| eAPM promedio | 20.7 |
| Aldeanos / militares | 73 / 84 |
Foco
⚔️ 42.8% · 🌾 57.2%
Cavalry Archer ×81 · Fishing Ship ×6 · Unknown (2626) ×2 · Knight ×1 · Fire Galley ×1 · Scout Cavalry ×1
Feudal
13:23
Castillos
16:53
Imperial
—
| APM promedio | 35.9 |
| APM pico | 59 |
| eAPM promedio | 22.1 |
| Aldeanos / militares | 110 / 13 |
Foco
⚔️ 36.4% · 🌾 63.6%
Unknown (1968) ×21 · Fishing Ship ×14 · Unknown (1974) ×14 · Mangonel ×6 · Scorpion ×4 · Unknown (2626) ×4
Feudal
13:14
Castillos
16:57
Imperial
—
| APM promedio | 51.2 |
| APM pico | 92 |
| eAPM promedio | 23.6 |
| Aldeanos / militares | 157 / 51 |
Foco
⚔️ 28.4% · 🌾 71.6%
Knight ×40 · Fishing Ship ×12 · Scorpion ×8 · Monk ×3
Feudal
13:10
Castillos
16:41
Imperial
—
| APM promedio | 48.2 |
| APM pico | 97 |
| eAPM promedio | 18.6 |
| Aldeanos / militares | 68 / 51 |
Foco
⚔️ 32.4% · 🌾 67.6%
Archer ×35 · Battering Ram ×12 · Fishing Ship ×9 · Genitour ×2 · Mangonel ×2
Feudal
13:39
Castillos
17:10
Imperial
34:14
| APM promedio | 66.3 |
| APM pico | 92 |
| eAPM promedio | 38.4 |
| Aldeanos / militares | 169 / 78 |
Foco
⚔️ 29.2% · 🌾 70.8%
Cavalry Archer ×70 · Fishing Ship ×34 · Unknown (2626) ×14 · Fire Galley ×5 · Trebuchet (Packed) ×3
Mapa de la partida
Recursos iniciales + cada clic de construcción. Líneas = muros · curvas = relieve. ◆ oro · ⬟ piedra · ● bayas · ✦ reliquia · ◌ hueco del cierre
Inputs por minuto
— 弩伯曲肯 - - B站帝国时代2骑士老爷
Build order — 弩伯曲肯
Primeras 150 de 415 acciones detectadas
| 0:06 | Construir | Town Center |
| 1:48 | Construir | Dock |
| 2:28 | Crear | Villager (Male) |
| 2:28 | Crear | Villager (Male) |
| 2:28 | Crear | Villager (Male) |
| 2:29 | Crear | Villager (Male) |
| 2:29 | Crear | Villager (Male) |
| 3:14 | Construir | House |
| 3:15 | Investigar | Loom |
| 3:16 | Crear | Villager (Male) |
| 3:17 | Crear | Villager (Male) |
| 3:45 | Crear | Fishing Ship |
| 3:45 | Crear | Fishing Ship |
| 4:16 | Construir | House |
| 4:28 | Crear | Villager (Male) |
| 4:28 | Crear | Villager (Male) |
| 4:54 | Crear | Villager (Male) |
| 4:54 | Crear | Villager (Male) |
| 5:17 | Crear | Villager (Male) |
| 5:17 | Crear | Villager (Male) |
| 5:42 | Crear | Villager (Male) |
| 5:52 | Crear | Fishing Ship |
| 5:52 | Crear | Fishing Ship |
| 6:07 | Crear | Villager (Male) |
| 6:07 | Crear | Villager (Male) |
| 6:14 | Construir | House |
| 6:18 | Crear | Villager (Male) |
| 6:36 | Crear | Villager (Male) |
| 6:47 | Crear | Fishing Ship |
| 6:47 | Crear | Fishing Ship |
| 7:14 | Construir | House |
| 7:19 | Crear | Villager (Male) |
| 7:37 | Crear | Fishing Ship |
| 7:37 | Crear | Fishing Ship |
| 7:47 | Crear | Villager (Male) |
| 7:48 | Crear | Villager (Male) |
| 7:48 | Crear | Villager (Male) |
| 8:13 | Crear | Villager (Male) |
| 8:14 | Crear | Villager (Male) |
| 8:17 | Crear | Fishing Ship |
| 8:20 | Construir | House |
| 8:44 | Crear | Fishing Ship |
| 8:46 | Crear | Villager (Male) |
| 9:10 | Construir | House |
| 9:22 | Crear | Villager (Male) |
| 9:34 | Crear | Villager (Male) |
| 9:36 | Construir | Mill |
| 10:00 | Crear | Villager (Male) |
| 10:29 | Construir | Mining Camp |
| 10:45 | Crear | Villager (Male) |
| 10:51 | Construir | House |
| 10:53 | Investigar | Feudal Age |
| 11:18 | Construir | Mining Camp |
| 11:44 | Crear | Villager (Male) |
| 11:44 | Crear | Villager (Male) |
| 13:23 | Edad | Edad Feudal |
| 13:24 | Construir | Blacksmith |
| 13:28 | Construir | Market |
| 13:36 | Construir | Lumber Camp |
| 14:18 | Investigar | Castle Age |
| 14:23 | Investigar | Double-Bit Axe |
| 14:23 | Investigar | Double-Bit Axe |
| 14:56 | Construir | House |
| 15:28 | Crear | Villager (Male) |
| 15:36 | Investigar | Horse Collar |
| 15:36 | Investigar | Horse Collar |
| 15:39 | Construir | House |
| 16:15 | Investigar | Fletching |
| 16:15 | Investigar | Fletching |
| 16:27 | Construir | Farm |
| 16:29 | Construir | Farm |
| 16:32 | Construir | Farm |
| 16:36 | Crear | Villager (Male) |
| 16:58 | Edad | Edad de los Castillos |
| 17:01 | Construir | Castle |
| 17:04 | Investigar | Bow Saw |
| 17:04 | Investigar | Bow Saw |
| 17:10 | Construir | Farm |
| 17:12 | Construir | Farm |
| 17:26 | Crear | Villager (Male) |
| 17:44 | Construir | House |
| 18:05 | Crear | Villager (Male) |
| 18:06 | Investigar | Bodkin Arrow |
| 18:06 | Investigar | Bodkin Arrow |
| 18:08 | Crear | Camel Archer |
| 18:08 | Crear | Camel Archer |
| 18:08 | Crear | Camel Archer |
| 18:19 | Crear | Villager (Male) |
| 18:32 | Crear | Camel Archer |
| 18:34 | Crear | Villager (Male) |
| 19:00 | Crear | Camel Archer |
| 19:06 | Crear | Villager (Male) |
| 19:18 | Crear | Camel Archer |
| 19:30 | Crear | Villager (Male) |
| 19:32 | Crear | Villager (Male) |
| 19:38 | Investigar | Padded Archer Armor |
| 19:39 | Investigar | Padded Archer Armor |
| 20:00 | Crear | Camel Archer |
| 20:01 | Crear | Camel Archer |
| 20:06 | Crear | Villager (Male) |
| 20:08 | Construir | University |
| 20:13 | Crear | Camel Archer |
| 20:13 | Crear | Camel Archer |
| 20:31 | Crear | Villager (Male) |
| 20:40 | Crear | Camel Archer |
| 20:41 | Crear | Camel Archer |
| 20:47 | Crear | Camel Archer |
| 21:09 | Crear | Camel Archer |
| 21:09 | Crear | Camel Archer |
| 21:11 | Crear | Villager (Male) |
| 21:37 | Investigar | Ballistics |
| 21:38 | Investigar | Ballistics |
| 21:39 | Crear | Villager (Male) |
| 21:40 | Crear | Camel Archer |
| 21:40 | Crear | Camel Archer |
| 22:10 | Crear | Villager (Male) |
| 22:17 | Construir | Town Center |
| 22:24 | Crear | Camel Archer |
| 22:25 | Crear | Camel Archer |
| 22:26 | Crear | Villager (Male) |
| 22:37 | Crear | Camel Archer |
| 22:37 | Crear | Camel Archer |
| 22:43 | Crear | Villager (Male) |
| 22:51 | Crear | Villager (Male) |
| 23:16 | Crear | Villager (Male) |
| 23:18 | Crear | Camel Archer |
| 23:21 | Crear | Villager (Male) |
| 23:27 | Crear | Villager (Male) |
| 23:28 | Crear | Villager (Male) |
| 23:31 | Crear | Villager (Male) |
| 23:32 | Crear | Villager (Male) |
| 23:32 | Crear | Villager (Male) |
| 23:34 | Construir | Farm |
| 23:35 | Construir | Farm |
| 23:35 | Construir | Farm |
| 23:35 | Construir | Farm |
| 23:35 | Construir | Farm |
| 23:36 | Construir | Farm |
| 23:43 | Crear | Camel Archer |
| 23:43 | Crear | Camel Archer |
| 24:00 | Crear | Villager (Male) |
| 24:05 | Crear | Camel Archer |
| 24:06 | Crear | Camel Archer |
| 24:06 | Crear | Camel Archer |
| 24:06 | Crear | Camel Archer |
| 24:33 | Crear | Villager (Male) |
| 24:33 | Crear | Villager (Male) |
| 24:40 | Crear | Villager (Male) |
| 24:58 | Crear | Villager (Male) |
| 24:58 | Crear | Villager (Male) |
Build order — B站帝国时代2骑士老爷
Primeras 150 de 216 acciones detectadas
| 0:07 | Construir | Town Center |
| 0:20 | Construir | Dock |
| 0:23 | Construir | Dock |
| 3:01 | Investigar | Loom |
| 3:10 | Crear | Villager (Male) |
| 3:10 | Crear | Villager (Male) |
| 4:06 | Crear | Villager (Male) |
| 4:31 | Crear | Villager (Male) |
| 4:31 | Crear | Villager (Male) |
| 4:47 | Crear | Villager (Male) |
| 4:47 | Crear | Villager (Male) |
| 5:06 | Crear | Villager (Male) |
| 5:19 | Construir | House |
| 5:32 | Construir | House |
| 5:36 | Crear | Fishing Ship |
| 5:38 | Crear | Villager (Male) |
| 5:56 | Crear | Villager (Male) |
| 6:10 | Construir | House |
| 6:21 | Crear | Villager (Male) |
| 6:41 | Crear | Fishing Ship |
| 6:48 | Construir | House |
| 6:53 | Crear | Villager (Male) |
| 7:00 | Construir | Palisade Wall |
| 7:02 | Construir | Palisade Wall |
| 7:04 | Construir | Palisade Wall |
| 7:06 | Construir | Palisade Wall |
| 7:13 | Construir | Palisade Wall |
| 7:24 | Crear | Villager (Male) |
| 7:40 | Construir | Palisade Wall |
| 7:41 | Construir | Palisade Wall |
| 7:41 | Construir | Palisade Wall |
| 7:44 | Crear | Villager (Male) |
| 7:46 | Crear | Fishing Ship |
| 8:04 | Crear | Villager (Male) |
| 8:17 | Crear | Villager (Male) |
| 8:27 | Construir | House |
| 8:29 | Crear | Villager (Male) |
| 8:30 | Crear | Fishing Ship |
| 8:56 | Crear | Villager (Male) |
| 9:10 | Crear | Villager (Male) |
| 9:38 | Crear | Villager (Male) |
| 9:41 | Crear | Fishing Ship |
| 10:12 | Construir | Palisade Wall |
| 10:14 | Crear | Villager (Male) |
| 10:16 | Crear | Fishing Ship |
| 10:19 | Construir | Dock |
| 10:37 | Construir | House |
| 10:52 | Construir | Palisade Wall |
| 11:03 | Crear | Villager (Male) |
| 11:14 | Construir | Mining Camp |
| 11:24 | Crear | Villager (Male) |
| 11:30 | Construir | Mining Camp |
| 11:43 | Construir | Outpost |
| 11:49 | Construir | Outpost |
| 11:50 | Construir | Palisade Wall |
| 12:02 | Crear | Fishing Ship |
| 12:02 | Crear | Fishing Ship |
| 12:08 | Construir | House |
| 12:10 | Investigar | Feudal Age |
| 12:43 | Construir | Palisade Wall |
| 12:44 | Construir | Palisade Wall |
| 12:45 | Construir | Palisade Wall |
| 12:45 | Construir | Palisade Wall |
| 12:57 | Crear | Villager (Male) |
| 12:57 | Crear | Villager (Male) |
| 12:59 | Crear | Fishing Ship |
| 13:00 | Crear | Fishing Ship |
| 13:25 | Construir | Lumber Camp |
| 13:57 | Construir | House |
| 13:58 | Construir | House |
| 14:20 | Edad | Edad Feudal |
| 14:27 | Construir | Mill |
| 14:28 | Construir | Outpost |
| 14:29 | Investigar | Town Watch |
| 14:32 | Construir | Blacksmith |
| 14:38 | Investigar | Double-Bit Axe |
| 14:38 | Investigar | Double-Bit Axe |
| 15:02 | Crear | Villager (Male) |
| 15:22 | Construir | Outpost |
| 15:22 | Crear | Villager (Male) |
| 15:37 | Construir | Market |
| 15:46 | Crear | Villager (Male) |
| 16:28 | Investigar | Castle Age |
| 16:31 | Construir | Stone Wall |
| 16:38 | Construir | Stone Wall |
| 16:41 | Construir | Stone Wall |
| 16:45 | Construir | Stone Wall |
| 16:46 | Construir | Stone Wall |
| 16:48 | Construir | Stone Wall |
| 17:06 | Crear | Unit 2626 |
| 17:24 | Construir | Outpost |
| 18:25 | Construir | Stone Wall |
| 18:26 | Construir | Stone Wall |
| 18:47 | Crear | Unit 2626 |
| 19:08 | Edad | Edad de los Castillos |
| 19:12 | Construir | Castle |
| 19:55 | Crear | Villager (Male) |
| 19:55 | Crear | Villager (Male) |
| 20:26 | Investigar | Gold Mining |
| 20:27 | Crear | Villager (Male) |
| 20:40 | Crear | Villager (Male) |
| 20:48 | Crear | Chu Ko Nu |
| 20:49 | Crear | Chu Ko Nu |
| 20:49 | Crear | Chu Ko Nu |
| 20:49 | Crear | Chu Ko Nu |
| 21:08 | Construir | Outpost |
| 21:31 | Crear | Villager (Male) |
| 21:31 | Crear | Villager (Male) |
| 21:38 | Investigar | Fletching |
| 21:39 | Crear | Chu Ko Nu |
| 21:39 | Crear | Chu Ko Nu |
| 21:40 | Crear | Villager (Male) |
| 21:55 | Crear | Chu Ko Nu |
| 21:55 | Crear | Chu Ko Nu |
| 22:12 | Crear | Chu Ko Nu |
| 22:12 | Crear | Chu Ko Nu |
| 22:34 | Crear | Chu Ko Nu |
| 22:35 | Crear | Villager (Male) |
| 22:36 | Investigar | Bodkin Arrow |
| 22:40 | Crear | Chu Ko Nu |
| 22:41 | Crear | Chu Ko Nu |
| 22:48 | Crear | Chu Ko Nu |
| 22:50 | Crear | Villager (Male) |
| 23:08 | Construir | House |
| 23:09 | Construir | House |
| 23:09 | Construir | House |
| 23:14 | Crear | Chu Ko Nu |
| 23:14 | Crear | Chu Ko Nu |
| 23:33 | Crear | Chu Ko Nu |
| 23:34 | Crear | Villager (Male) |
| 23:36 | Crear | Villager (Male) |
| 23:53 | Crear | Chu Ko Nu |
| 23:55 | Crear | Villager (Male) |
| 24:51 | Crear | Villager (Male) |
| 24:52 | Crear | Chu Ko Nu |
| 24:52 | Crear | Chu Ko Nu |
| 25:12 | Crear | Villager (Male) |
| 25:17 | Crear | Chu Ko Nu |
| 25:17 | Crear | Chu Ko Nu |
| 25:17 | Crear | Chu Ko Nu |
| 25:39 | Crear | Villager (Male) |
| 25:47 | Construir | Town Center |
| 25:50 | Crear | Villager (Male) |
| 26:08 | Construir | Siege Workshop |
| 26:16 | Investigar | Padded Archer Armor |
| 26:31 | Crear | Battering Ram |
| 26:36 | Crear | Iron Pagoda |
| 27:02 | Construir | Siege Workshop |
| 27:11 | Crear | Iron Pagoda |
| 27:12 | Crear | Villager (Male) |
Build order — Elnath
Primeras 150 de 242 acciones detectadas
| 0:23 | Construir | Town Center |
| 0:29 | Construir | House |
| 1:01 | Construir | Dock |
| 2:49 | Crear | Villager (Male) |
| 2:49 | Crear | Villager (Male) |
| 2:49 | Crear | Villager (Male) |
| 3:00 | Crear | Villager (Male) |
| 3:00 | Crear | Villager (Male) |
| 3:31 | Crear | Villager (Male) |
| 3:31 | Crear | Villager (Male) |
| 3:46 | Crear | Fishing Ship |
| 3:46 | Crear | Fishing Ship |
| 4:24 | Construir | House |
| 4:30 | Investigar | Loom |
| 4:54 | Crear | Fishing Ship |
| 4:55 | Crear | Fishing Ship |
| 5:17 | Crear | Villager (Male) |
| 5:17 | Crear | Villager (Male) |
| 5:48 | Crear | Villager (Male) |
| 5:50 | Crear | Fishing Ship |
| 5:50 | Crear | Fishing Ship |
| 6:06 | Crear | Villager (Male) |
| 6:06 | Crear | Villager (Male) |
| 6:10 | Construir | House |
| 6:31 | Crear | Villager (Male) |
| 6:32 | Crear | Villager (Male) |
| 6:36 | Crear | Fishing Ship |
| 6:36 | Crear | Fishing Ship |
| 6:57 | Crear | Villager (Male) |
| 6:57 | Crear | Villager (Male) |
| 7:27 | Crear | Villager (Male) |
| 7:27 | Crear | Villager (Male) |
| 7:29 | Crear | Fishing Ship |
| 7:32 | Construir | House |
| 7:52 | Crear | Villager (Male) |
| 7:52 | Crear | Villager (Male) |
| 8:01 | Crear | Villager (Male) |
| 8:15 | Crear | Fishing Ship |
| 8:28 | Crear | Villager (Male) |
| 8:29 | Crear | Villager (Male) |
| 8:41 | Crear | Fishing Ship |
| 8:48 | Construir | House |
| 9:27 | Construir | Lumber Camp |
| 9:32 | Crear | Villager (Male) |
| 9:57 | Investigar | Feudal Age |
| 10:46 | Construir | Mill |
| 11:03 | Crear | Villager (Male) |
| 12:08 | Edad | Edad Feudal |
| 12:10 | Construir | Market |
| 12:13 | Construir | Blacksmith |
| 12:23 | Crear | Villager (Male) |
| 13:07 | Construir | Mining Camp |
| 13:38 | Investigar | Castle Age |
| 13:38 | Investigar | Castle Age |
| 13:58 | Construir | Outpost |
| 14:25 | Investigar | Double-Bit Axe |
| 14:39 | Construir | Outpost |
| 15:20 | Construir | Dock |
| 15:50 | Investigar | Town Watch |
| 16:16 | Construir | House |
| 16:17 | Edad | Edad de los Castillos |
| 16:44 | Construir | Castle |
| 16:46 | Investigar | Bow Saw |
| 16:47 | Crear | Villager (Male) |
| 16:52 | Crear | Fishing Ship |
| 16:53 | Crear | Fishing Ship |
| 17:06 | Crear | Villager (Male) |
| 17:23 | Crear | Villager (Male) |
| 17:38 | Crear | Conquistador |
| 17:55 | Crear | Villager (Male) |
| 18:12 | Crear | Conquistador |
| 18:17 | Crear | Villager (Male) |
| 18:37 | Crear | Villager (Male) |
| 18:45 | Construir | Siege Workshop |
| 19:02 | Crear | Conquistador |
| 19:15 | Crear | Villager (Male) |
| 19:22 | Crear | Battering Ram |
| 19:25 | Crear | Villager (Male) |
| 19:37 | Crear | Conquistador |
| 19:40 | Crear | Villager (Male) |
| 19:56 | Crear | Villager (Male) |
| 20:03 | Crear | Conquistador |
| 20:08 | Investigar | Wheelbarrow |
| 20:52 | Crear | Villager (Male) |
| 20:56 | Crear | Conquistador |
| 20:57 | Crear | Villager (Male) |
| 21:04 | Crear | Conquistador |
| 21:22 | Crear | Conquistador |
| 21:28 | Crear | Villager (Male) |
| 21:42 | Investigar | Horse Collar |
| 21:53 | Crear | Battering Ram |
| 22:14 | Construir | Farm |
| 22:14 | Construir | Farm |
| 22:17 | Construir | Farm |
| 22:19 | Crear | Conquistador |
| 22:34 | Construir | Town Center |
| 22:39 | Crear | Villager (Male) |
| 22:48 | Crear | Conquistador |
| 23:03 | Crear | Villager (Male) |
| 23:24 | Crear | Villager (Male) |
| 23:35 | Crear | Villager (Male) |
| 23:38 | Crear | Scorpion |
| 23:59 | Crear | Villager (Male) |
| 24:02 | Construir | Mining Camp |
| 24:09 | Crear | Villager (Male) |
| 24:17 | Crear | Villager (Male) |
| 24:31 | Crear | Scorpion |
| 24:36 | Crear | Villager (Male) |
| 24:59 | Crear | Villager (Male) |
| 25:05 | Crear | Villager (Male) |
| 25:07 | Crear | Villager (Male) |
| 25:10 | Crear | Villager (Male) |
| 25:17 | Crear | Villager (Male) |
| 25:26 | Crear | Villager (Male) |
| 25:36 | Construir | Farm |
| 25:37 | Construir | Farm |
| 25:38 | Construir | Farm |
| 25:39 | Construir | Farm |
| 25:44 | Crear | Villager (Male) |
| 26:04 | Crear | Villager (Male) |
| 26:18 | Construir | Town Center |
| 26:33 | Crear | Scorpion |
| 26:37 | Construir | House |
| 26:48 | Crear | Villager (Male) |
| 26:50 | Construir | Farm |
| 26:52 | Construir | Farm |
| 26:53 | Crear | Villager (Male) |
| 27:05 | Crear | Villager (Male) |
| 27:13 | Construir | Dock |
| 27:17 | Crear | Villager (Male) |
| 27:20 | Construir | Mill |
| 27:24 | Construir | House |
| 27:26 | Crear | Villager (Male) |
| 27:35 | Crear | Conquistador |
| 27:53 | Crear | Villager (Male) |
| 27:55 | Construir | Farm |
| 28:00 | Crear | Scorpion |
| 28:02 | Crear | Villager (Male) |
| 28:07 | Crear | Villager (Male) |
| 28:22 | Crear | Villager (Male) |
| 28:25 | Crear | Villager (Male) |
| 28:33 | Crear | Villager (Male) |
| 28:36 | Crear | Villager (Male) |
| 28:40 | Crear | Villager (Male) |
| 28:46 | Construir | University |
| 28:47 | Crear | Villager (Male) |
| 28:50 | Crear | Scorpion |
| 28:51 | Crear | Villager (Male) |
| 29:03 | Construir | House |
| 29:04 | Construir | Stone Wall |
Build order — [TNT] A22
Primeras 150 de 258 acciones detectadas
| 0:17 | Construir | Town Center |
| 1:34 | Construir | Dock |
| 1:35 | Construir | House |
| 2:44 | Crear | Villager (Male) |
| 2:44 | Crear | Villager (Male) |
| 2:44 | Crear | Villager (Male) |
| 2:44 | Crear | Villager (Male) |
| 2:45 | Crear | Villager (Male) |
| 3:59 | Crear | Fishing Ship |
| 4:27 | Investigar | Loom |
| 4:29 | Construir | House |
| 4:56 | Construir | House |
| 5:17 | Crear | Villager (Male) |
| 5:17 | Crear | Villager (Male) |
| 5:45 | Crear | Villager (Male) |
| 5:45 | Crear | Villager (Male) |
| 6:00 | Crear | Fishing Ship |
| 6:07 | Crear | Villager (Male) |
| 6:07 | Crear | Villager (Male) |
| 6:30 | Crear | Villager (Male) |
| 6:30 | Crear | Villager (Male) |
| 6:59 | Crear | Villager (Male) |
| 6:59 | Crear | Villager (Male) |
| 7:13 | Construir | House |
| 7:16 | Crear | Fishing Ship |
| 7:31 | Crear | Villager (Male) |
| 7:31 | Crear | Villager (Male) |
| 7:43 | Crear | Villager (Male) |
| 7:43 | Crear | Villager (Male) |
| 8:07 | Crear | Fishing Ship |
| 8:17 | Construir | House |
| 8:18 | Crear | Villager (Male) |
| 8:18 | Crear | Villager (Male) |
| 8:32 | Crear | Villager (Male) |
| 8:32 | Crear | Villager (Male) |
| 8:47 | Crear | Villager (Male) |
| 8:49 | Crear | Fishing Ship |
| 9:09 | Crear | Villager (Male) |
| 9:09 | Crear | Villager (Male) |
| 9:14 | Crear | Fishing Ship |
| 9:26 | Crear | Villager (Male) |
| 9:57 | Construir | Mill |
| 9:59 | Crear | Villager (Male) |
| 9:59 | Crear | Villager (Male) |
| 10:11 | Construir | House |
| 10:51 | Crear | Villager (Male) |
| 11:17 | Crear | Villager (Male) |
| 11:45 | Crear | Villager (Male) |
| 12:08 | Investigar | Feudal Age |
| 12:08 | Investigar | Feudal Age |
| 12:26 | Construir | Mining Camp |
| 12:51 | Construir | Barracks |
| 13:46 | Construir | House |
| 14:20 | Edad | Edad Feudal |
| 14:27 | Construir | Archery Range |
| 14:36 | Crear | Villager (Male) |
| 14:36 | Crear | Villager (Male) |
| 14:44 | Construir | Blacksmith |
| 14:45 | Crear | Fire Galley |
| 15:03 | Construir | Lumber Camp |
| 15:06 | Crear | Villager (Male) |
| 15:10 | Construir | House |
| 15:33 | Investigar | Castle Age |
| 15:33 | Investigar | Castle Age |
| 16:09 | Crear | Unit 2626 |
| 16:18 | Investigar | Double-Bit Axe |
| 16:18 | Investigar | Double-Bit Axe |
| 16:48 | Construir | Archery Range |
| 17:14 | Crear | Unit 2626 |
| 17:49 | Investigar | Horse Collar |
| 17:50 | Investigar | Fletching |
| 17:50 | Investigar | Fletching |
| 17:55 | Construir | House |
| 18:13 | Edad | Edad de los Castillos |
| 18:15 | Crear | Villager (Male) |
| 18:16 | Crear | Cavalry Archer |
| 18:16 | Crear | Cavalry Archer |
| 18:17 | Crear | Villager (Male) |
| 18:43 | Construir | Palisade Wall |
| 18:48 | Crear | Villager (Male) |
| 18:49 | Crear | Cavalry Archer |
| 18:49 | Crear | Cavalry Archer |
| 18:52 | Crear | Villager (Male) |
| 18:55 | Crear | Cavalry Archer |
| 18:56 | Crear | Cavalry Archer |
| 18:57 | Crear | Villager (Male) |
| 19:07 | Construir | House |
| 19:08 | Construir | Palisade Wall |
| 19:10 | Crear | Villager (Male) |
| 19:24 | Crear | Cavalry Archer |
| 19:24 | Crear | Cavalry Archer |
| 19:30 | Investigar | Bodkin Arrow |
| 19:30 | Investigar | Bodkin Arrow |
| 19:41 | Crear | Cavalry Archer |
| 19:41 | Crear | Cavalry Archer |
| 19:52 | Crear | Cavalry Archer |
| 19:55 | Crear | Villager (Male) |
| 20:05 | Crear | Villager (Male) |
| 20:05 | Crear | Villager (Male) |
| 20:27 | Crear | Cavalry Archer |
| 20:27 | Crear | Cavalry Archer |
| 20:31 | Construir | Farm |
| 20:32 | Construir | Farm |
| 20:33 | Construir | Farm |
| 20:34 | Construir | Farm |
| 20:35 | Construir | Farm |
| 20:36 | Construir | Farm |
| 20:38 | Construir | Farm |
| 21:03 | Crear | Cavalry Archer |
| 21:03 | Crear | Cavalry Archer |
| 21:04 | Crear | Villager (Male) |
| 21:11 | Crear | Villager (Male) |
| 21:22 | Investigar | Bow Saw |
| 21:22 | Investigar | Bow Saw |
| 21:30 | Crear | Villager (Male) |
| 21:43 | Construir | Palisade Wall |
| 21:44 | Construir | Palisade Wall |
| 21:45 | Construir | Palisade Wall |
| 21:46 | Construir | Palisade Wall |
| 21:47 | Construir | House |
| 21:49 | Construir | Palisade Wall |
| 21:50 | Construir | Palisade Wall |
| 21:52 | Crear | Cavalry Archer |
| 21:53 | Crear | Cavalry Archer |
| 21:57 | Crear | Villager (Male) |
| 22:19 | Crear | Villager (Male) |
| 22:30 | Crear | Cavalry Archer |
| 22:31 | Crear | Cavalry Archer |
| 22:46 | Crear | Villager (Male) |
| 22:59 | Crear | Cavalry Archer |
| 23:00 | Crear | Cavalry Archer |
| 23:00 | Crear | Villager (Male) |
| 23:03 | Construir | University |
| 23:04 | Construir | House |
| 23:17 | Construir | Farm |
| 23:18 | Crear | Cavalry Archer |
| 23:18 | Crear | Cavalry Archer |
| 23:19 | Crear | Villager (Male) |
| 23:38 | Crear | Cavalry Archer |
| 23:39 | Crear | Cavalry Archer |
| 23:43 | Crear | Villager (Male) |
| 23:44 | Construir | Farm |
| 23:55 | Investigar | Wheelbarrow |
| 24:25 | Investigar | Padded Archer Armor |
| 24:25 | Investigar | Padded Archer Armor |
| 24:52 | Investigar | Ballistics |
| 24:52 | Investigar | Ballistics |
| 25:04 | Crear | Cavalry Archer |
| 25:04 | Crear | Cavalry Archer |
| 25:04 | Crear | Villager (Male) |
Build order — BoyWonder_
Primeras 150 de 261 acciones detectadas
| 0:06 | Construir | Town Center |
| 0:50 | Construir | House |
| 1:51 | Construir | Dock |
| 2:28 | Crear | Villager (Male) |
| 2:28 | Crear | Villager (Male) |
| 2:28 | Crear | Villager (Male) |
| 2:51 | Crear | Villager (Male) |
| 2:52 | Crear | Villager (Male) |
| 2:52 | Crear | Villager (Male) |
| 3:27 | Crear | Fishing Ship |
| 4:14 | Crear | Villager (Male) |
| 4:14 | Crear | Villager (Male) |
| 4:36 | Construir | House |
| 4:43 | Crear | Fishing Ship |
| 4:47 | Crear | Villager (Male) |
| 4:47 | Crear | Villager (Male) |
| 5:13 | Crear | Villager (Male) |
| 5:13 | Crear | Villager (Male) |
| 5:27 | Construir | House |
| 5:39 | Crear | Villager (Male) |
| 5:40 | Crear | Villager (Male) |
| 5:55 | Crear | Fishing Ship |
| 5:55 | Crear | Fishing Ship |
| 6:04 | Crear | Villager (Male) |
| 6:04 | Crear | Villager (Male) |
| 6:26 | Crear | Villager (Male) |
| 6:38 | Crear | Fishing Ship |
| 6:38 | Crear | Fishing Ship |
| 6:43 | Construir | House |
| 6:50 | Crear | Villager (Male) |
| 6:51 | Crear | Villager (Male) |
| 7:13 | Crear | Fishing Ship |
| 7:27 | Crear | Villager (Male) |
| 7:29 | Crear | Fishing Ship |
| 7:36 | Construir | House |
| 7:41 | Crear | Villager (Male) |
| 8:02 | Crear | Villager (Male) |
| 8:32 | Crear | Villager (Male) |
| 8:33 | Crear | Fishing Ship |
| 8:52 | Construir | Dock |
| 8:57 | Construir | House |
| 9:01 | Crear | Villager (Male) |
| 9:15 | Crear | Villager (Male) |
| 9:28 | Crear | Fishing Ship |
| 9:34 | Crear | Fishing Ship |
| 9:35 | Crear | Villager (Male) |
| 9:53 | Crear | Villager (Male) |
| 10:14 | Crear | Fishing Ship |
| 10:17 | Construir | Mill |
| 10:26 | Construir | House |
| 10:44 | Crear | Villager (Male) |
| 11:04 | Crear | Fishing Ship |
| 11:05 | Investigar | Feudal Age |
| 11:05 | Investigar | Feudal Age |
| 11:36 | Construir | Dock |
| 12:33 | Crear | Villager (Male) |
| 12:33 | Crear | Villager (Male) |
| 13:23 | Edad | Edad Feudal |
| 13:24 | Construir | Market |
| 13:25 | Construir | Blacksmith |
| 13:30 | Crear | Unit 2626 |
| 13:35 | Construir | House |
| 13:42 | Investigar | Tech 906 |
| 13:43 | Investigar | Tech 906 |
| 14:12 | Investigar | Castle Age |
| 14:12 | Investigar | Castle Age |
| 14:13 | Investigar | Castle Age |
| 14:16 | Crear | Unit 2626 |
| 14:47 | Construir | Barracks |
| 14:56 | Crear | Unit 2626 |
| 14:57 | Crear | Unit 2626 |
| 15:33 | Construir | Lumber Camp |
| 16:03 | Investigar | Double-Bit Axe |
| 16:03 | Investigar | Double-Bit Axe |
| 16:04 | Crear | Villager (Male) |
| 16:07 | Construir | House |
| 16:39 | Crear | Villager (Male) |
| 16:40 | Investigar | Loom |
| 16:53 | Edad | Edad de los Castillos |
| 16:55 | Construir | Siege Workshop |
| 16:58 | Crear | Villager (Male) |
| 17:20 | Crear | Mangonel |
| 17:21 | Crear | Mangonel |
| 17:24 | Crear | Villager (Male) |
| 17:28 | Investigar | Town Watch |
| 17:29 | Investigar | Town Watch |
| 17:29 | Investigar | Loom |
| 17:30 | Investigar | Loom |
| 17:33 | Investigar | Bow Saw |
| 17:44 | Crear | Spearman |
| 17:47 | Crear | Unit 1974 |
| 17:47 | Crear | Unit 1974 |
| 17:47 | Crear | Unit 1974 |
| 17:49 | Investigar | Scale Mail Armor |
| 17:49 | Investigar | Scale Mail Armor |
| 17:50 | Investigar | Forging |
| 17:50 | Investigar | Forging |
| 17:51 | Crear | Villager (Male) |
| 17:55 | Construir | House |
| 18:18 | Crear | Unit 1974 |
| 18:20 | Crear | Villager (Male) |
| 18:27 | Construir | House |
| 18:34 | Crear | Unit 1974 |
| 18:37 | Crear | Villager (Male) |
| 18:44 | Construir | House |
| 18:52 | Crear | Villager (Male) |
| 19:01 | Crear | Mangonel |
| 19:05 | Construir | House |
| 19:06 | Crear | Villager (Male) |
| 19:18 | Crear | Unit 1974 |
| 19:27 | Construir | House |
| 19:28 | Crear | Villager (Male) |
| 19:43 | Crear | Villager (Male) |
| 20:19 | Construir | Town Center |
| 20:21 | Crear | Villager (Male) |
| 20:31 | Crear | Villager (Male) |
| 20:47 | Crear | Villager (Male) |
| 20:50 | Investigar | Fletching |
| 20:51 | Investigar | Fletching |
| 20:52 | Investigar | Chain Mail Armor |
| 20:52 | Investigar | Chain Mail Armor |
| 20:54 | Crear | Villager (Male) |
| 21:03 | Construir | University |
| 21:26 | Crear | Scorpion |
| 21:26 | Crear | Scorpion |
| 21:34 | Crear | Villager (Male) |
| 21:38 | Crear | Unit 1974 |
| 21:38 | Crear | Unit 1974 |
| 21:46 | Construir | Farm |
| 21:47 | Construir | Farm |
| 21:49 | Construir | Farm |
| 21:49 | Construir | Farm |
| 21:52 | Construir | Farm |
| 21:54 | Construir | Farm |
| 21:55 | Crear | Villager (Male) |
| 21:59 | Crear | Unit 1974 |
| 22:01 | Investigar | Squires |
| 22:01 | Investigar | Squires |
| 22:02 | Crear | Villager (Male) |
| 22:26 | Crear | Villager (Male) |
| 22:29 | Crear | Villager (Male) |
| 22:37 | Construir | Mining Camp |
| 22:44 | Investigar | Gillnets |
| 22:44 | Investigar | Gillnets |
| 22:46 | Crear | Villager (Male) |
| 22:57 | Construir | Town Center |
| 22:58 | Crear | Villager (Male) |
| 23:05 | Crear | Unit 1974 |
| 23:06 | Crear | Unit 1974 |
| 23:08 | Crear | Villager (Male) |
Build order — Brunker
Primeras 150 de 349 acciones detectadas
| 0:11 | Construir | Town Center |
| 0:39 | Construir | Dock |
| 0:42 | Construir | House |
| 2:31 | Crear | Villager (Male) |
| 2:31 | Crear | Villager (Male) |
| 2:31 | Crear | Villager (Male) |
| 2:32 | Crear | Villager (Male) |
| 2:32 | Crear | Villager (Male) |
| 2:32 | Crear | Villager (Male) |
| 3:36 | Construir | Palisade Wall |
| 3:39 | Construir | Palisade Wall |
| 3:47 | Crear | Villager (Male) |
| 3:48 | Crear | Villager (Male) |
| 3:59 | Crear | Fishing Ship |
| 3:59 | Crear | Fishing Ship |
| 4:41 | Construir | House |
| 4:51 | Investigar | Loom |
| 4:59 | Crear | Fishing Ship |
| 5:07 | Crear | Villager (Male) |
| 5:07 | Crear | Villager (Male) |
| 5:07 | Crear | Villager (Male) |
| 5:21 | Crear | Villager (Male) |
| 5:21 | Crear | Villager (Male) |
| 5:40 | Crear | Fishing Ship |
| 5:52 | Construir | House |
| 5:55 | Crear | Villager (Male) |
| 6:20 | Crear | Villager (Male) |
| 6:20 | Crear | Villager (Male) |
| 6:26 | Crear | Fishing Ship |
| 6:27 | Crear | Fishing Ship |
| 7:06 | Construir | House |
| 7:07 | Crear | Villager (Male) |
| 7:07 | Crear | Villager (Male) |
| 7:11 | Crear | Fishing Ship |
| 7:38 | Crear | Villager (Male) |
| 7:40 | Crear | Villager (Male) |
| 7:41 | Crear | Villager (Male) |
| 7:47 | Crear | Fishing Ship |
| 7:49 | Crear | Villager (Male) |
| 7:49 | Crear | Villager (Male) |
| 8:08 | Crear | Villager (Male) |
| 8:09 | Crear | Villager (Male) |
| 8:21 | Crear | Villager (Male) |
| 8:21 | Crear | Villager (Male) |
| 8:41 | Crear | Villager (Male) |
| 8:42 | Crear | Fishing Ship |
| 8:51 | Construir | House |
| 9:23 | Crear | Villager (Male) |
| 9:23 | Crear | Villager (Male) |
| 9:27 | Crear | Fishing Ship |
| 9:42 | Construir | Lumber Camp |
| 9:52 | Crear | Villager (Male) |
| 10:12 | Crear | Fishing Ship |
| 10:31 | Construir | House |
| 10:37 | Crear | Villager (Male) |
| 10:52 | Crear | Fishing Ship |
| 10:58 | Construir | House |
| 11:04 | Investigar | Feudal Age |
| 11:38 | Construir | Barracks |
| 12:09 | Construir | Mining Camp |
| 13:14 | Edad | Edad Feudal |
| 13:19 | Construir | Stable |
| 13:24 | Investigar | Town Watch |
| 13:28 | Construir | Blacksmith |
| 13:38 | Crear | Villager (Male) |
| 14:18 | Investigar | Castle Age |
| 14:18 | Investigar | Castle Age |
| 14:30 | Construir | Palisade Wall |
| 14:33 | Investigar | Double-Bit Axe |
| 14:33 | Investigar | Double-Bit Axe |
| 14:47 | Construir | Mill |
| 15:15 | Construir | Palisade Wall |
| 16:13 | Construir | Palisade Wall |
| 16:35 | Construir | Dock |
| 16:38 | Construir | House |
| 16:55 | Construir | House |
| 16:57 | Edad | Edad de los Castillos |
| 16:59 | Crear | Villager (Male) |
| 17:00 | Investigar | Bow Saw |
| 17:02 | Construir | Town Center |
| 17:06 | Crear | Villager (Male) |
| 17:18 | Construir | Town Center |
| 17:25 | Crear | Villager (Male) |
| 17:25 | Crear | Villager (Male) |
| 17:29 | Construir | House |
| 17:52 | Investigar | Tech 906 |
| 17:52 | Investigar | Tech 906 |
| 17:54 | Crear | Villager (Male) |
| 18:31 | Crear | Villager (Male) |
| 18:33 | Crear | Knight |
| 18:39 | Crear | Villager (Male) |
| 18:40 | Crear | Villager (Male) |
| 18:49 | Crear | Villager (Male) |
| 18:51 | Crear | Villager (Male) |
| 18:53 | Construir | Monastery |
| 18:55 | Crear | Villager (Male) |
| 18:58 | Investigar | Horse Collar |
| 18:59 | Crear | Villager (Male) |
| 19:08 | Crear | Villager (Male) |
| 19:11 | Construir | House |
| 19:14 | Construir | House |
| 19:17 | Construir | House |
| 19:18 | Crear | Villager (Male) |
| 19:24 | Crear | Villager (Male) |
| 19:25 | Crear | Villager (Male) |
| 19:27 | Crear | Villager (Male) |
| 19:36 | Crear | Villager (Male) |
| 19:39 | Crear | Monk |
| 19:44 | Crear | Monk |
| 19:46 | Crear | Villager (Male) |
| 19:48 | Crear | Knight |
| 19:50 | Crear | Villager (Male) |
| 20:04 | Construir | Lumber Camp |
| 20:13 | Crear | Villager (Male) |
| 20:13 | Crear | Villager (Male) |
| 20:14 | Crear | Villager (Male) |
| 20:16 | Construir | Farm |
| 20:22 | Construir | Farm |
| 21:02 | Construir | House |
| 21:08 | Crear | Villager (Male) |
| 21:08 | Crear | Villager (Male) |
| 21:14 | Construir | Town Center |
| 21:16 | Crear | Villager (Male) |
| 21:17 | Crear | Villager (Male) |
| 21:18 | Crear | Villager (Male) |
| 21:21 | Crear | Knight |
| 21:29 | Construir | House |
| 21:33 | Crear | Villager (Male) ×2 |
| 21:54 | Crear | Knight |
| 21:58 | Construir | Siege Workshop |
| 22:00 | Construir | Farm |
| 22:01 | Construir | Farm |
| 22:04 | Crear | Villager (Male) |
| 22:10 | Construir | Farm |
| 22:12 | Construir | Farm |
| 22:34 | Investigar | Scale Barding Armor |
| 22:34 | Crear | Villager (Male) |
| 22:35 | Crear | Villager (Male) |
| 22:46 | Crear | Scorpion |
| 22:51 | Crear | Villager (Male) |
| 22:51 | Crear | Villager (Male) |
| 22:52 | Construir | Farm |
| 23:08 | Crear | Villager (Male) |
| 23:12 | Crear | Villager (Male) |
| 23:13 | Crear | Villager (Male) |
| 23:13 | Crear | Villager (Male) |
| 23:22 | Construir | Mill |
| 23:24 | Construir | Farm |
| 23:25 | Construir | Farm |
| 23:25 | Construir | Farm |
Build order — [TNT] TW_RED
Primeras 150 de 230 acciones detectadas
| 0:09 | Construir | Town Center |
| 0:42 | Construir | Dock |
| 1:37 | Construir | House |
| 2:40 | Crear | Villager (Male) |
| 2:40 | Crear | Villager (Male) |
| 2:40 | Crear | Villager (Male) |
| 2:41 | Crear | Villager (Male) |
| 3:43 | Crear | Villager (Male) |
| 3:43 | Crear | Villager (Male) |
| 3:50 | Construir | House |
| 4:20 | Crear | Fishing Ship |
| 4:21 | Crear | Fishing Ship |
| 4:30 | Crear | Villager (Male) |
| 4:53 | Crear | Villager (Male) |
| 4:53 | Crear | Villager (Male) |
| 5:02 | Construir | House |
| 5:07 | Investigar | Loom |
| 5:08 | Crear | Villager (Male) |
| 5:39 | Crear | Villager (Male) |
| 5:39 | Crear | Villager (Male) |
| 5:46 | Crear | Fishing Ship |
| 5:52 | Crear | Villager (Male) |
| 5:52 | Crear | Villager (Male) |
| 6:15 | Crear | Villager (Male) |
| 6:30 | Construir | House |
| 6:35 | Construir | House |
| 6:41 | Crear | Fishing Ship |
| 6:41 | Crear | Villager (Male) |
| 7:07 | Crear | Villager (Male) |
| 7:10 | Crear | Fishing Ship |
| 7:33 | Construir | House |
| 7:35 | Crear | Villager (Male) |
| 7:44 | Crear | Villager (Male) |
| 8:02 | Crear | Fishing Ship |
| 8:06 | Construir | House |
| 8:10 | Crear | Villager (Male) |
| 8:40 | Crear | Fishing Ship |
| 8:42 | Crear | Villager (Male) |
| 8:45 | Crear | Villager (Male) |
| 8:45 | Crear | Villager (Male) |
| 9:18 | Crear | Villager (Male) |
| 9:19 | Construir | Mill |
| 9:50 | Crear | Villager (Male) |
| 10:06 | Construir | Mining Camp |
| 10:13 | Construir | House |
| 10:25 | Crear | Fishing Ship |
| 10:44 | Construir | House |
| 11:00 | Investigar | Feudal Age |
| 11:00 | Investigar | Feudal Age |
| 11:45 | Crear | Fishing Ship |
| 12:48 | Crear | Villager (Male) |
| 13:10 | Edad | Edad Feudal |
| 13:13 | Construir | Market |
| 13:14 | Crear | Villager (Male) |
| 13:18 | Construir | Blacksmith |
| 13:23 | Investigar | Town Watch |
| 13:57 | Construir | Stone Wall |
| 13:57 | Construir | Stone Wall |
| 14:01 | Investigar | Castle Age |
| 14:02 | Investigar | Castle Age |
| 14:25 | Construir | Stone Wall |
| 14:40 | Construir | Lumber Camp |
| 14:51 | Construir | Stone Wall |
| 14:58 | Crear | Villager (Male) |
| 15:24 | Construir | Barracks |
| 15:31 | Investigar | Double-Bit Axe |
| 15:31 | Investigar | Double-Bit Axe |
| 15:45 | Construir | House |
| 16:01 | Investigar | Gold Mining |
| 16:08 | Crear | Villager (Male) |
| 16:28 | Crear | Villager (Male) |
| 16:32 | Construir | Archery Range |
| 16:36 | Crear | Villager (Male) |
| 16:41 | Edad | Edad de los Castillos |
| 16:58 | Crear | Villager (Male) |
| 17:00 | Construir | Archery Range |
| 17:06 | Construir | Stable |
| 17:10 | Construir | Archery Range |
| 17:14 | Crear | Villager (Male) |
| 17:24 | Investigar | Fletching |
| 17:24 | Investigar | Fletching |
| 17:42 | Investigar | Bow Saw |
| 17:42 | Investigar | Bow Saw |
| 17:46 | Investigar | Crossbowman (upgrade) |
| 17:46 | Investigar | Crossbowman (upgrade) |
| 17:48 | Crear | Archer |
| 17:48 | Crear | Archer |
| 18:14 | Crear | Archer |
| 18:14 | Crear | Archer |
| 18:19 | Construir | Building 490 |
| 18:37 | Crear | Genitour |
| 18:37 | Crear | Genitour |
| 18:52 | Investigar | Bodkin Arrow |
| 18:53 | Investigar | Bodkin Arrow |
| 18:53 | Crear | Archer |
| 18:57 | Crear | Archer |
| 18:59 | Construir | House |
| 19:17 | Crear | Archer |
| 19:21 | Crear | Villager (Male) |
| 19:33 | Crear | Archer |
| 19:33 | Crear | Archer |
| 19:49 | Investigar | Padded Archer Armor |
| 19:50 | Investigar | Padded Archer Armor |
| 19:58 | Crear | Villager (Male) |
| 19:59 | Crear | Archer |
| 20:17 | Crear | Archer |
| 20:17 | Crear | Archer |
| 20:19 | Construir | Siege Workshop |
| 20:29 | Crear | Archer |
| 20:30 | Crear | Villager (Male) |
| 20:48 | Crear | Archer |
| 20:53 | Crear | Archer |
| 21:00 | Construir | University |
| 21:05 | Construir | House |
| 21:23 | Crear | Archer |
| 21:25 | Construir | House |
| 21:27 | Construir | House |
| 21:31 | Crear | Mangonel |
| 21:36 | Crear | Archer |
| 21:55 | Construir | Town Center |
| 22:49 | Crear | Mangonel |
| 23:11 | Construir | House |
| 23:31 | Investigar | Ballistics |
| 23:32 | Investigar | Ballistics |
| 23:33 | Crear | Villager (Male) |
| 23:37 | Crear | Villager (Male) |
| 24:00 | Crear | Villager (Male) |
| 24:06 | Crear | Archer |
| 24:06 | Crear | Archer |
| 24:09 | Construir | Archery Range |
| 24:12 | Investigar | Leather Archer Armor |
| 24:17 | Construir | House |
| 25:10 | Crear | Villager (Male) ×5 |
| 25:26 | Construir | Mining Camp |
| 25:30 | Crear | Archer |
| 25:48 | Construir | Mill |
| 26:04 | Crear | Archer |
| 26:05 | Crear | Archer |
| 26:38 | Crear | Archer |
| 26:39 | Construir | Archery Range |
| 26:40 | Crear | Archer |
| 26:49 | Construir | Farm |
| 26:50 | Construir | Farm |
| 27:04 | Crear | Villager (Male) |
| 27:12 | Construir | Town Center |
| 27:19 | Crear | Archer |
| 27:30 | Construir | House |
| 27:30 | Construir | House |
| 27:30 | Construir | House |
| 27:31 | Construir | House |
Build order — definitely not delay_
Primeras 150 de 450 acciones detectadas
| 0:06 | Construir | Town Center |
| 1:56 | Construir | Dock |
| 2:20 | Construir | House |
| 2:30 | Crear | Villager (Male) |
| 2:30 | Crear | Villager (Male) |
| 2:30 | Crear | Villager (Male) |
| 2:31 | Crear | Villager (Male) |
| 2:31 | Crear | Villager (Male) |
| 2:31 | Crear | Villager (Male) |
| 3:23 | Construir | Palisade Wall |
| 3:24 | Construir | Palisade Wall |
| 3:48 | Crear | Fishing Ship |
| 4:00 | Investigar | Loom |
| 4:00 | Investigar | Loom |
| 4:35 | Construir | House |
| 4:38 | Crear | Villager (Male) |
| 4:38 | Crear | Villager (Male) |
| 4:38 | Crear | Villager (Male) |
| 5:06 | Crear | Villager (Male) |
| 5:06 | Crear | Villager (Male) |
| 5:06 | Crear | Villager (Male) |
| 5:30 | Crear | Villager (Male) |
| 5:30 | Crear | Villager (Male) |
| 5:30 | Crear | Villager (Male) |
| 5:32 | Crear | Fishing Ship |
| 5:52 | Construir | House |
| 5:55 | Crear | Villager (Male) |
| 5:55 | Crear | Villager (Male) |
| 5:56 | Crear | Villager (Male) |
| 6:29 | Crear | Villager (Male) |
| 6:29 | Crear | Villager (Male) |
| 6:29 | Crear | Villager (Male) |
| 6:30 | Crear | Fishing Ship |
| 6:49 | Crear | Villager (Male) |
| 6:50 | Crear | Villager (Male) |
| 6:50 | Crear | Villager (Male) |
| 7:11 | Crear | Villager (Male) |
| 7:12 | Crear | Villager (Male) |
| 7:13 | Construir | House |
| 7:23 | Crear | Fishing Ship |
| 7:34 | Crear | Villager (Male) |
| 7:34 | Crear | Villager (Male) |
| 7:55 | Crear | Fishing Ship |
| 8:07 | Crear | Villager (Male) |
| 8:07 | Crear | Villager (Male) |
| 8:08 | Crear | Villager (Male) |
| 8:16 | Crear | Villager (Male) |
| 8:28 | Construir | Lumber Camp |
| 8:38 | Crear | Villager (Male) |
| 8:38 | Crear | Villager (Male) |
| 8:40 | Crear | Villager (Male) |
| 8:43 | Construir | House |
| 9:13 | Crear | Fishing Ship |
| 9:13 | Crear | Fishing Ship |
| 9:22 | Crear | Villager (Male) |
| 9:32 | Construir | House |
| 9:36 | Crear | Villager (Male) |
| 9:37 | Crear | Villager (Male) |
| 9:37 | Crear | Villager (Male) |
| 9:41 | Construir | House |
| 9:47 | Crear | Villager (Male) |
| 9:47 | Crear | Villager (Male) |
| 9:49 | Crear | Villager (Male) |
| 9:49 | Crear | Villager (Male) |
| 10:03 | Crear | Fishing Ship |
| 10:03 | Crear | Fishing Ship |
| 10:06 | Crear | Villager (Male) |
| 10:08 | Construir | House |
| 10:18 | Construir | Mining Camp |
| 10:44 | Crear | Fishing Ship |
| 11:04 | Crear | Villager (Male) |
| 11:24 | Investigar | Feudal Age |
| 11:25 | Investigar | Feudal Age |
| 11:35 | Construir | Mill |
| 11:56 | Crear | Fishing Ship |
| 12:42 | Crear | Villager (Male) |
| 12:47 | Construir | Dock |
| 12:53 | Crear | Villager (Male) |
| 13:20 | Crear | Villager (Male) |
| 13:39 | Edad | Edad Feudal |
| 13:41 | Construir | Market |
| 13:43 | Construir | Blacksmith |
| 14:14 | Construir | House |
| 14:21 | Crear | Fishing Ship |
| 14:30 | Investigar | Castle Age |
| 14:31 | Investigar | Castle Age |
| 14:34 | Investigar | Double-Bit Axe |
| 14:35 | Investigar | Double-Bit Axe |
| 14:50 | Construir | House |
| 14:53 | Construir | Palisade Wall |
| 15:00 | Construir | Palisade Wall |
| 15:12 | Construir | Palisade Wall |
| 15:13 | Construir | Palisade Wall |
| 15:19 | Investigar | Gold Mining |
| 15:19 | Investigar | Gold Mining |
| 15:31 | Crear | Unit 2626 |
| 15:31 | Crear | Unit 2626 |
| 15:54 | Crear | Villager (Male) |
| 16:00 | Crear | Unit 2626 |
| 16:13 | Construir | Dock |
| 16:19 | Construir | Palisade Wall |
| 16:20 | Construir | Palisade Wall |
| 16:25 | Construir | Palisade Wall |
| 16:32 | Crear | Unit 2626 |
| 16:39 | Crear | Villager (Male) |
| 16:45 | Crear | Villager (Male) |
| 16:59 | Crear | Unit 2626 |
| 16:59 | Crear | Unit 2626 |
| 17:07 | Crear | Villager (Male) |
| 17:10 | Edad | Edad de los Castillos |
| 17:14 | Investigar | Forging |
| 17:19 | Investigar | War Galley (upgrade) |
| 17:22 | Crear | Fire Galley |
| 17:22 | Crear | Fire Galley |
| 17:32 | Crear | Villager (Male) |
| 17:38 | Crear | Villager (Male) |
| 17:46 | Crear | Fire Galley |
| 17:50 | Crear | Villager (Male) |
| 18:04 | Crear | Unit 2626 ×3 |
| 18:27 | Crear | Villager (Male) |
| 18:31 | Crear | Unit 2626 |
| 18:32 | Crear | Villager (Male) |
| 18:36 | Investigar | Bow Saw |
| 18:37 | Investigar | Bow Saw |
| 18:43 | Construir | House |
| 18:52 | Crear | Villager (Male) |
| 19:03 | Crear | Unit 2626 |
| 19:05 | Crear | Villager (Male) |
| 19:07 | Construir | House |
| 19:10 | Crear | Villager (Male) |
| 19:15 | Investigar | Tech 906 |
| 19:15 | Investigar | Tech 906 |
| 19:25 | Investigar | Town Watch |
| 19:25 | Investigar | Town Watch |
| 19:33 | Crear | Unit 2626 |
| 19:36 | Crear | Villager (Male) |
| 20:06 | Crear | Unit 2626 |
| 20:06 | Crear | Unit 2626 |
| 20:14 | Crear | Villager (Male) |
| 20:21 | Crear | Villager (Male) |
| 20:23 | Crear | Villager (Male) |
| 20:26 | Construir | Town Center |
| 20:53 | Crear | Fire Galley |
| 20:55 | Crear | Villager (Male) |
| 21:22 | Crear | Villager (Male) |
| 21:23 | Construir | House |
| 21:24 | Crear | Villager (Male) |
| 21:28 | Construir | Town Center |
| 21:31 | Construir | House |
| 21:51 | Crear | Villager (Male) |
Cronología de la partida
| 0:20 | B站帝国时代2骑士老爷 · first_building Dock |
| 0:39 | Brunker · first_building Dock |
| 0:42 | [TNT] TW_RED · first_building Dock |
| 1:01 | Elnath · first_building Dock |
| 1:34 | [TNT] A22 · first_building Dock |
| 1:48 | 弩伯曲肯 · first_building Dock |
| 1:51 | BoyWonder_ · first_building Dock |
| 1:56 | definitely not delay_ · first_building Dock |
| 3:23 | definitely not delay_ · wall_segment Palisade Wall x1 |
| 3:24 | definitely not delay_ · wall_segment Palisade Wall x1 |
| 3:36 | Brunker · wall_segment Palisade Wall x1 |
| 3:39 | Brunker · wall_segment Palisade Wall x1 |
| 7:00 | B站帝国时代2骑士老爷 · wall_segment Palisade Wall x1 |
| 7:02 | B站帝国时代2骑士老爷 · wall_segment Palisade Wall x1 |
| 7:04 | B站帝国时代2骑士老爷 · wall_segment Palisade Wall x1 |
| 7:06 | B站帝国时代2骑士老爷 · wall_segment Palisade Wall x1 |
| 7:13 | B站帝国时代2骑士老爷 · wall_segment Palisade Wall x5 |
| 7:40 | B站帝国时代2骑士老爷 · wall_segment Palisade Wall x1 |
| 7:41 | B站帝国时代2骑士老爷 · wall_segment Palisade Wall x1 |
| 7:41 | B站帝国时代2骑士老爷 · wall_segment Palisade Wall x1 |
| 10:12 | B站帝国时代2骑士老爷 · wall_segment Palisade Wall x7 |
| 10:52 | B站帝国时代2骑士老爷 · wall_segment Palisade Wall x5 |
| 11:38 | Brunker · first_building Barracks |
| 11:50 | B站帝国时代2骑士老爷 · wall_segment Palisade Wall x1 |
| 12:08 | Elnath · age_up feudal |
| 12:43 | B站帝国时代2骑士老爷 · wall_segment Palisade Wall x1 |
| 12:44 | B站帝国时代2骑士老爷 · wall_segment Palisade Wall x1 |
| 12:45 | B站帝国时代2骑士老爷 · wall_segment Palisade Wall x1 |
| 12:45 | B站帝国时代2骑士老爷 · wall_segment Palisade Wall x1 |
| 12:51 | [TNT] A22 · first_building Barracks |
| 13:10 | [TNT] TW_RED · age_up feudal |
| 13:14 | Brunker · age_up feudal |
| 13:19 | Brunker · first_building Stable |
| 13:23 | BoyWonder_ · age_up feudal |
| 13:23 | 弩伯曲肯 · age_up feudal |
| 13:39 | definitely not delay_ · age_up feudal |
| 13:57 | [TNT] TW_RED · wall_segment Stone Wall x1 |
| 13:57 | [TNT] TW_RED · wall_segment Stone Wall x1 |
| 14:20 | B站帝国时代2骑士老爷 · age_up feudal |
| 14:20 | [TNT] A22 · age_up feudal |
| 14:25 | [TNT] TW_RED · wall_segment Stone Wall x9 |
| 14:27 | [TNT] A22 · first_building Archery Range |
| 14:30 | Brunker · wall_segment Palisade Wall x3 |
| 14:47 | BoyWonder_ · first_building Barracks |
| 14:51 | [TNT] TW_RED · wall_segment Stone Wall x6 |
| 14:53 | definitely not delay_ · wall_segment Palisade Wall x4 |
| 15:00 | definitely not delay_ · wall_segment Palisade Wall x5 |
| 15:12 | definitely not delay_ · wall_segment Palisade Wall x8 |
| 15:13 | definitely not delay_ · wall_segment Palisade Wall x1 |
| 15:15 | Brunker · wall_segment Palisade Wall x6 |
| 15:24 | [TNT] TW_RED · first_building Barracks |
| 16:13 | Brunker · wall_segment Palisade Wall x4 |
| 16:17 | Elnath · age_up castle |
| 16:19 | definitely not delay_ · wall_segment Palisade Wall x1 |
| 16:20 | definitely not delay_ · wall_segment Palisade Wall x1 |
| 16:24 | Elnath · first_market_buy 100 stone |
| 16:25 | definitely not delay_ · wall_segment Palisade Wall x1 |
| 16:31 | B站帝国时代2骑士老爷 · wall_segment Stone Wall x1 |
| 16:32 | [TNT] TW_RED · first_building Archery Range |
| 16:38 | B站帝国时代2骑士老爷 · wall_segment Stone Wall x2 |
| 16:41 | B站帝国时代2骑士老爷 · wall_segment Stone Wall x3 |
| 16:41 | [TNT] TW_RED · age_up castle |
| 16:44 | Elnath · first_building Castle |
| 16:45 | B站帝国时代2骑士老爷 · wall_segment Stone Wall x1 |
| 16:46 | B站帝国时代2骑士老爷 · wall_segment Stone Wall x1 |
| 16:48 | B站帝国时代2骑士老爷 · wall_segment Stone Wall x6 |
| 16:53 | BoyWonder_ · age_up castle |
| 16:55 | BoyWonder_ · first_building Siege Workshop |
| 16:57 | Brunker · age_up castle |
| 16:58 | 弩伯曲肯 · age_up castle |
| 17:01 | 弩伯曲肯 · first_building Castle |
| 17:06 | [TNT] TW_RED · first_building Stable |
| 17:08 | definitely not delay_ · first_market_sell 100 food |
| 17:10 | definitely not delay_ · age_up castle |
| 18:04 | 弩伯曲肯 · first_market_buy 100 food |
| 18:13 | [TNT] A22 · age_up castle |
| 18:25 | B站帝国时代2骑士老爷 · wall_segment Stone Wall x1 |
| 18:26 | B站帝国时代2骑士老爷 · wall_segment Stone Wall x1 |
| 18:43 | [TNT] A22 · wall_segment Palisade Wall x1 |
| 18:45 | Elnath · first_building Siege Workshop |
| 18:53 | Brunker · first_building Monastery |
| 19:08 | [TNT] A22 · wall_segment Palisade Wall x1 |
| 19:08 | B站帝国时代2骑士老爷 · age_up castle |
| 19:12 | B站帝国时代2骑士老爷 · first_building Castle |
| 20:19 | [TNT] TW_RED · first_building Siege Workshop |
| 21:43 | [TNT] A22 · wall_segment Palisade Wall x1 |
| 21:44 | [TNT] A22 · wall_segment Palisade Wall x1 |
| 21:45 | [TNT] A22 · wall_segment Palisade Wall x1 |
| 21:46 | [TNT] A22 · wall_segment Palisade Wall x1 |
| 21:49 | [TNT] A22 · wall_segment Palisade Wall x1 |
| 21:50 | [TNT] A22 · wall_segment Palisade Wall x1 |
| 21:58 | Brunker · first_building Siege Workshop |
| 21:58 | definitely not delay_ · first_market_buy 100 wood |
| 24:24 | Brunker · first_building Castle |
| 25:43 | [TNT] A22 · first_building Siege Workshop |
| 26:08 | B站帝国时代2骑士老爷 · first_building Siege Workshop |
| 27:26 | definitely not delay_ · first_building Monastery |
| 27:26 | B站帝国时代2骑士老爷 · first_market_buy 100 wood |
| 28:20 | 弩伯曲肯 · first_building Siege Workshop |
| 28:26 | definitely not delay_ · first_building Barracks |
| 28:39 | [TNT] TW_RED · wall_segment Stone Wall x1 |
| 29:04 | Elnath · wall_segment Stone Wall x4 |
| 29:11 | definitely not delay_ · first_building Castle |
| 29:16 | [TNT] A22 · first_building Stable |
| 29:25 | 弩伯曲肯 · first_market_sell 100 wood |
| 29:28 | BoyWonder_ · first_market_buy 100 wood |
| 29:35 | definitely not delay_ · first_building Archery Range |
| 29:59 | BoyWonder_ · first_market_sell 100 stone |
| 30:28 | definitely not delay_ · first_building Stable |
| 31:31 | BoyWonder_ · first_building Castle |
| 31:39 | Elnath · first_building Barracks |
| 32:26 | 弩伯曲肯 · first_building Barracks |
| 34:14 | definitely not delay_ · age_up imperial |
| 34:36 | Brunker · first_market_buy 100 food |
| 34:58 | [TNT] TW_RED · first_market_sell 100 stone |
| 36:04 | B站帝国时代2骑士老爷 · first_building Monastery |
| 36:20 | [TNT] A22 · resign |
[ ANÁLISIS IA · 1 CRÉDITO ]
¿Qué pasó realmente en esta partida?
Wolo.gg analiza cada decisión: build order, eco, micro, errores típicos por bracket. Análisis personalizado por WhatsApp o Discord en 30 segundos.
Guía civ
Bereberes
Perfil
Jugador #14715476